 Dungeon Crawl Stone Soup version 0.19.0-19-g8c6edcc (webtiles) character file.

154 Firebatgyro the Ducker (level 5, -2/41 HPs)
             Began as a Merfolk Earth Elementalist on Nov 12, 2016.
             Killed from afar by Blork the orc (9 damage)
             ... with a magic dart
             ... on level 4 of the Dungeon.
             The game lasted 00:06:37 (3406 turns).

Firebatgyro the Ducker (Merfolk Earth Elementalist) Turns: 3406, Time: 00:06:38

Health: -2/41      AC:  2    Str:  9    XL:     5   Next: 35%
Magic:  8/8        EV: 15    Int: 15    God:
Gold:   168        SH:  0    Dex: 14    Spells: 1 memorised, 7 levels left

rFire  . . .     SeeInvis .     i - +0 mace
rCold  . . .     Gourm    .     c - +0 robe
rNeg   . . .     Faith    .     (no shield)
rPois  .         Spirit   .     (no helmet)
rElec  .         Reflect  .     (no cloak)
rCorr  .         Harm     .     (no gloves)
MR     .....                    (no boots)
Stlth  ++........               (no amulet)
                                (no ring)
                                (no ring)

@: no status effects
A: change form in water, swift swim, stealthy swim
a: no special abilities


You were on level 4 of the Dungeon.
You were not hungry.

You visited 1 branch of the dungeon, and saw 4 of its levels.

You collected 168 gold pieces.

Inventory:

Hand Weapons
 i - a +0 mace (weapon)
Missiles
 b - 31 stones (quivered)
 l - 7 curare-tipped needles
 w - 4 tomahawks
 A - 9 poisoned needles
Armour
 c - a +0 robe (worn)
Jewellery
 v - an uncursed ring of wizardry {unknown}
Scrolls
 g - 2 scrolls of identify {unknown}
 h - 3 scrolls of remove curse
 j - a scroll of magic mapping {unknown}
 n - a scroll of teleportation {unknown}
 o - 2 scrolls of noise {unknown}
 p - a scroll of random uselessness {unknown}
 q - a scroll of amnesia {unknown}
 s - 2 scrolls of fear {unknown}
 t - a scroll of immolation {unknown}
 y - a scroll of blinking
Books
 e - a book of Geomancy

   Spells                             Type                      Level
   a - Sandblast                      Earth                        1
   b - Passwall                       Transmutation/Earth          2
   c - Stone Arrow                    Conjuration/Earth            3
   d - Petrify                        Transmutation/Earth          4
   e - Lee's Rapid Deconstruction     Earth                        5
 r - a book of Minor Magic

   Spells                             Type                      Level
   a - Magic Dart                     Conjuration                  1
   b - Blink                          Translocation                2
   c - Call Imp                       Summoning                    2
   d - Repel Missiles                 Charms/Air                   2
   e - Slow                           Hexes                        2
   f - Conjure Flame                  Conjuration/Fire             3
   g - Mephitic Cloud                 Conjuration/Poison/Air       3
Comestibles
 a - 4 meat rations
 d - 4 bread rations
 f - 2 fruits
 m - a beef jerky
 u - a slice of pizza
 z - 2 chunks of flesh


   Skills:
 + Level 3.2 Fighting
 + Level 1.7 Throwing
 + Level 5.0 Dodging
 - Level 2.1 Stealth
 - Level 2.0 Spellcasting
   Level 1.3 Transmutations
 - Level 2.4 Earth Magic


You had 7 spell levels left.
You knew the following spells:

 Your Spells              Type           Power        Failure   Level  Hunger
a - Sandblast             Erth           #.....       12%         1    #......


Dungeon Overview and Level Annotations

Branches:
Dungeon (4/15)
 Temple: D:4-7

Altars:

Annotations:
D:4 Blork the orc


Message History

The poisoned javelin barely misses Blork the orc.
Blork the orc casts a spell at you. The puff of flame hits you!
Blork the orc hits you from afar with a halberd!
Throwing (i - inventory. (,) - cycle):
x - a poisoned javelin (quivered)
Press: ? - help, Shift-Dir - straight line, f/p - Blork the orc
Aim: Blork the orc, wielding a halberd and wearing a robe (heavily wounded, fast, poisoned)
You throw a poisoned javelin.
The poisoned javelin hits Blork the orc!
Blork the orc looks as sick as possible!
Blork the orc is severely wounded.
Blork the orc misses you.
Blork the orc points at you and mumbles some strange words.
The puff of frost hits you!
* * * LOW HITPOINT WARNING * * *
It was a potion of cancellation.
You feel magically purged. Blork the orc misses you.
Blork the orc points at you and mumbles some strange words.
The magic dart hits you!
You die...

..####...# ##
.........##....
........<.#....
>####.##.......... .
......##.)....##....
........).........(.
##...........##....
#.#...#......(....
##.###...@..o(.....
...........((###..
...?..######........
...##. #####.... ##
# ..


You could see Blork the orc.

Vanquished Creatures
  An orc priest (D:3)
  An orc wizard (D:3)
  2 adders (D:3)
  A dart slug (D:2)
  4 leopard geckos
  6 orcs (D:3)
  6 bats
  A bat zombie (D:1)
  2 giant cockroaches (D:3)
  9 goblins
  5 hobgoblins
  3 jackals (D:2)
  4 frilled lizards
  9 kobolds
  A leopard gecko zombie (D:3)
  A quokka zombie (D:1)
  10 rats
66 creatures vanquished.

Notes
Turn   | Place    | Note
-------+----------+-------------------------------------------
     0 | D:1      | Firebatgyro the Merfolk Earth Elementalist began the quest for the Orb.
     0 | D:1      | Reached XP level 1. HP: 13/13 MP: 3/3
   233 | D:1      | Reached skill level 3 in Dodging
   275 | D:1      | Reached skill level 1 in Fighting
   347 | D:1      | Reached XP level 2. HP: 10/21 MP: 3/5
  1082 | D:1      | Reached XP level 3. HP: 10/28 MP: 2/6
  1570 | D:2      | Reached skill level 4 in Dodging
  1963 | D:3      | Reached XP level 4. HP: 31/34 MP: 7/7
  2368 | D:3      | Reached skill level 1 in Throwing
  2661 | D:3      | Reached XP level 5. HP: 15/41 MP: 8/8
  2870 | D:3      | Reached skill level 5 in Dodging
  3397 | D:4      | Noticed Blork the orc
  3406 | D:4      | Killed from afar by Blork the orc

Skill      XL: |  1  2  3  4  5 |
---------------+----------------+-----
Dodging        | 3 4 5 |  5.0
Fighting       | 1 2 3 |  3.2
Throwing       | 1 |  1.7
Stealth        | |  2.1
Spellcasting   | |  2.0
Transmutations | |  1.3
Earth Magic    | |  2.4

Action                   |  1- 3 |  4- 6 || total
-------------------------+-------+-------++-------
Melee: Mace              |    89 |    59 ||   148
       Unarmed           |     2 |       ||     2
Throw: Javelin           |       |    12 ||    12
 Cast: Sandblast         |    46 |     9 ||    55
  Use: Scroll            |     2 |       ||     2
       Potion            |       |     1 ||     1
 Stab: Sleeping          |     1 |     2 ||     3
  Eat: Chunk             |     4 |     5 ||     9
Armor: Robe              |    32 |     5 ||    37
Dodge: Dodged            |   131 |    55 ||   186
